AoeStats
← ELPURE

Arabia

506548994Analyzed
1v1 RM · 19d ago on Sep 14, 2026· 41m 38s· 2 players
Game mode
Random Map
Map size
Tiny (2 player)
Population
200
Speed
Normal
Resources
Standard
Victory
Conquest
Starting age
Dark Age
Ending age
Imperial Age
RankedLock teamsTeams togetherTeam positionsShared explorationLock speedFull tech treeHidden civsTurbo modeCheats
Victory
Defeat
🇺🇸 Byzantines · United States
1813
+22
🇺🇸 Spanish · United States
1939
-22
ELPURE
6:44 Loom
9:17 Feudal Age
9:22 Man-at-Arms
13:28 Horse Collar
15:00 Padded Archer Armor
15:31 Fletching
16:51 Double-Bit Axe
18:18 Wheelbarrow
22:18 Bloodlines
24:21 Castle Age
22:34 Scale Barding Armor
23:39 Forging
25:31 Chain Barding Armor
25:54 Town Watch
27:26 Iron Casting
31:58 Pikeman
32:56 Scale Mail Armor
32:58 Squires
39:32 Imperial Age
39:59 Halberdier
Escalus
6:17 Loom
8:52 Feudal Age
9:53 Double-Bit Axe
11:19 Horse Collar
18:06 Fletching
21:55 Castle Age
20:59 Gold Mining
22:33 Bodkin Arrow
22:00 Elite Skirmisher
22:50 Scale Barding Armor
22:59 Bow Saw
33:14 Forging
35:34 Husbandry
37:05 Wheelbarrow
41:08 Imperial Age
40:44 Chain Barding Armor
41:32 Stone Mining
41:56 Bracer
Connection lost

Rejoining the realm…

Still unreachable

The connection could not be restored.

Session expired

The server has moved on; the page needs a fresh start.